[Event "Titled Tuesday Blitz June 13 Late 2023"]
[White "Sieciechowicz, Marcin"]
[Black "Nihal Sarin"]
[WhiteFideId "1130170"]
[BlackFideId "25092340"]
[WhiteElo "2301"]
[BlackElo "2689"]
[Result "0-1"]
[Round "2"]
[TimeControl "180+2"]
[Date "2023.06.13"]
[WhiteClock "0:00:03"]
[BlackClock "0:00:25"]
[Board "2"]

1. d4 Nf6 2. Bf4 d5 3. e3 c5 4. c3 cxd4 5. exd4 Bf5 6. Nd2 e6 7. Ngf3 Nc6 8. Be2 Bd6 9. Bg3 O-O 10. O-O h6 11. Qb3 Rb8 12. Rfe1 Bxg3 13. hxg3 b5 14. Ne5 Qc7 15. Bf1 b4 16. Nxc6 Qxc6 17. cxb4 Qb6 18. Nf3 Qxb4 19. Qxb4 Rxb4 20. b3 a5 21. Rec1 a4 22. bxa4 Rxa4 23. Bb5 Ra3 24. Ne5 Ng4 25. Nc6 Rfa8 26. Ne7+ Kf8 27. Nxf5 exf5 28. Bc6 Rd8 29. Rc5 Nf6 30. f3 g5 31. Kh2 g4 32. f4 h5 33. Bb5 Ne4 34. Rc7 Nxg3 35. Bc6 h4 36. Rd7 Rxd7 37. Bxd7 Ke7 38. Bc6 Kd6 39. Be8 Ne2 40. Bxf7 Nxf4 41. Rf1 g3+ 42. Kg1 Ne2+ 43. Kh1 Nxd4 44. Bh5 Rxa2 45. Rd1 Ke5 46. Re1+ Kf6 47. Rd1 Kg5 48. Rxd4 Kxh5 49. Rd1 Kg4 50. Rd4+ f4 51. Rd1 h3 0-1


[Site "https://www.chess.com"]

[Event "Titled Tuesday Blitz June 13 Late 2023"]
[White "Caruana, Fabiano"]
[Black "Annaberdiyev, Meylis"]
[WhiteFideId "2020009"]
[BlackFideId "14000563"]
[WhiteElo "2832"]
[BlackElo "2416"]
[Result "1-0"]
[Round "2"]
[TimeControl "180+2"]
[Date "2023.06.13"]
[WhiteClock "0:02:00"]
[BlackClock "0:00:00"]
[Board "3"]

1. d4 Nf6 2. c4 g6 3. Nc3 Bg7 4. e4 d6 5. h3 O-O 6. Be3 e5 7. d5 a5 8. Nge2 Na6 9. g4 Nd7 10. h4 Ndc5 11. Ng3 c6 12. Be2 Bd7 13. h5 Bf6 14. Qd2 Nb4 15. Kf1 Bh4 16. Kg2 Bxg3 17. fxg3 Qe7 18. Rh2 f5 19. hxg6 f4 20. gxf4 exf4 21. gxh7+ Kh8 22. Bd4+ Rf6 23. Qxf4 Rf8 24. g5 1-0


[Site "https://www.chess.com"]

[Event "Titled Tuesday Blitz June 13 Late 2023"]
[White "Jeet, Jain"]
[Black "Paravyan, David"]
[WhiteFideId "5073022"]
[BlackFideId "4194985"]
[WhiteElo "2067"]
[BlackElo "2563"]
[Result "0-1"]
[Round "2"]
[TimeControl "180+2"]
[Date "2023.06.13"]
[WhiteClock "0:00:00"]
[BlackClock "0:00:18"]
[Board "4"]

1. Nf3 Nf6 2. g3 c5 3. Bg2 Nc6 4. O-O e5 5. c4 d5 6. cxd5 Nxd5 7. d3 Be7 8. Nc3 Be6 9. Bd2 O-O 10. Nxd5 Bxd5 11. Bc3 Qd6 12. a4 b6 13. Nd2 Bxg2 14. Kxg2 Nd4 15. Nc4 Qd5+ 16. e4 Qe6 17. Bxd4 cxd4 18. f4 exf4 19. Rxf4 Rac8 20. Qg4 Rxc4 21. dxc4 Qxc4 22. Raf1 Qxa4 23. Rxf7 Rxf7 24. Qc8+ Bf8 25. Qe6 Qd7 26. Qb3 d3 27. e5 d2 28. h4 h5 29. e6 Qc6+ 30. Kh2 Rxf1 31. e7+ Kh8 32. exf8=Q+ Rxf8 0-1


[Site "https://www.chess.com"]

[Event "Titled Tuesday Blitz June 13 Late 2023"]
[White "Vachier-Lagrave, Maxime"]
[Black "Ehlvest, Jaan"]
[WhiteFideId "623539"]
[BlackFideId "4500016"]
[WhiteElo "2739"]
[BlackElo "2442"]
[Result "1-0"]
[Round "2"]
[TimeControl "180+2"]
[Date "2023.06.13"]
[WhiteClock "0:01:47"]
[BlackClock "0:00:25"]
[Board "5"]

1. e4 c5 2. Nf3 Nc6 3. Nc3 g6 4. d4 cxd4 5. Nxd4 Bg7 6. Be3 Nf6 7. Bc4 O-O 8. Bb3 d5 9. exd5 Na5 10. Qf3 Bg4 11. Qg3 Bh5 12. d6 e5 13. Qxe5 Ng4 14. Qd5 Nxb3 15. axb3 Re8 16. O-O Re5 17. Qxb7 Re8 18. d7 Rf8 19. Nc6 Qh4 20. Bf4 1-0


[Site "https://www.chess.com"]

[Event "Titled Tuesday Blitz June 13 Late 2023"]
[White "Korchmar, Vasiliy"]
[Black "Kollars, Dmitrij"]
[WhiteFideId "24131750"]
[BlackFideId "12909572"]
[WhiteElo "2370"]
[BlackElo "2584"]
[Result "0-1"]
[Round "2"]
[TimeControl "180+2"]
[Date "2023.06.13"]
[WhiteClock "0:01:41"]
[BlackClock "0:01:49"]
[Board "6"]

1. e4 e5 2. Nf3 Nc6 3. Bc4 Nf6 4. d3 Be7 5. O-O O-O 6. Nc3 d6 7. a4 Bg4 8. h3 Bh5 9. Be3 Kh8 10. a5 Nb4 11. a6 bxa6 12. Bxa6 Bxf3 13. gxf3 Nxa6 14. Rxa6 Qc8 15. Rxa7 Rxa7 16. Bxa7 c5 17. Nb5 Qxh3 18. b4 Nh5 19. bxc5 Nf4 20. cxd6 Qg2# 0-1


[Site "https://www.chess.com"]

[Event "Titled Tuesday Blitz June 13 Late 2023"]
[White "Firouzja, Alireza"]
[Black "Gomez Ledo, Roberto Carlos"]
[WhiteFideId "12573981"]
[BlackFideId "3507076"]
[WhiteElo "2896"]
[BlackElo "2378"]
[Result "1-0"]
[Round "2"]
[TimeControl "180+2"]
[Date "2023.06.13"]
[WhiteClock "0:00:07"]
[BlackClock "0:00:01"]
[Board "7"]

1. d4 d5 2. Bg5 c6 3. Nf3 Qb6 4. b3 Bf5 5. e3 Nd7 6. Be2 h6 7. Bf4 Ngf6 8. O-O e6 9. c4 Be7 10. h3 O-O 11. c5 Qd8 12. Nc3 Ne4 13. Nxe4 Bxe4 14. Nd2 Bh7 15. b4 Bf6 16. Bd6 Be7 17. Bxe7 Qxe7 18. f4 f6 19. Nb3 e5 20. Bg4 Be4 21. Bxd7 Qxd7 22. fxe5 fxe5 23. dxe5 Rxf1+ 24. Qxf1 Rf8 25. Qe2 Qf5 26. Rf1 Qxe5 27. Rxf8+ Kxf8 28. Nd4 Kg8 29. Qf2 Kh7 30. Qf4 Qe7 31. a3 a5 32. Kh2 axb4 33. axb4 Bg6 34. Nf3 Qe4 35. Qxe4 Bxe4 36. Nd4 Bd3 37. Kg3 Kg6 38. h4 Kf6 39. Kf4 Ba6 40. h5 Bd3 41. g4 Ba6 42. Nf5 Bd3 43. Nd4 Ba6 44. Nf3 Be2 45. Nd2 Ba6 46. Nb3 Bc4 47. Nd2 Bd3 48. Nf3 Bc4 49. Nh4 Be2 50. Nf5 Bd3 51. Nd6 Ba6 52. e4 dxe4 53. Nxe4+ Ke6 54. g5 hxg5+ 55. Kxg5 Bd3 56. Nd6 Ba6 57. Kg6 Be2 58. Ne8 Kd5 59. Nd6 Bxh5+ 60. Kxh5 b6 61. Nb7 b5 62. Na5 Kd4 63. Nxc6+ Kc3 64. Na5 Kxb4 65. c6 Kxa5 66. c7 Kb6 67. c8=Q b4 68. Qc2 b3 69. Qxb3+ 1-0


[Site "https://www.chess.com"]

[Event "Titled Tuesday Blitz June 13 Late 2023"]
[White "Spata, German"]
[Black "Andreikin, Dmitry"]
[WhiteFideId "113026"]
[BlackFideId "4158814"]
[WhiteElo "2260"]
[BlackElo "2736"]
[Result "0-1"]
[Round "2"]
[TimeControl "180+2"]
[Date "2023.06.13"]
[WhiteClock "0:00:10"]
[BlackClock "0:01:39"]
[Board "8"]

1. Nf3 g6 2. e3 Bg7 3. d4 c5 4. Be2 Nf6 5. O-O O-O 6. b3 cxd4 7. Nxd4 d5 8. Bb2 Re8 9. c4 e5 10. Nf3 Nc6 11. cxd5 Nxd5 12. Bc4 Be6 13. Bxd5 Bxd5 14. Nc3 Be6 15. Qxd8 Rexd8 16. Rfd1 e4 17. Ng5 Bf5 18. Rxd8+ Rxd8 19. Rd1 h6 20. Rxd8+ Nxd8 21. Nh3 Bxh3 22. gxh3 Ne6 23. Kf1 f5 24. Ke2 Ng5 25. h4 Nf3 26. h5 Bxc3 27. Bxc3 gxh5 28. Bb4 Nxh2 29. Bd6 Nf3 30. Kd1 h4 0-1


[Site "https://www.chess.com"]

[Event "Titled Tuesday Blitz June 13 Late 2023"]
[White "Bluebaum, Matthias"]
[Black "ArtemDyachuk"]
[WhiteFideId "24651516"]
[WhiteElo "2639"]
[BlackElo "2629"]
[Result "1-0"]
[Round "2"]
[TimeControl "180+2"]
[Date "2023.06.13"]
[WhiteClock "0:01:32"]
[BlackClock "0:00:20"]
[Board "9"]

1. d4 Nf6 2. c4 e6 3. Nc3 c5 4. d5 exd5 5. cxd5 d6 6. Nf3 g6 7. Bg5 h6 8. Bh4 g5 9. Bg3 Nh5 10. Nd2 Nxg3 11. hxg3 Bg7 12. Nc4 O-O 13. e4 Re8 14. Be2 a6 15. a4 Bxc3+ 16. bxc3 Qf6 17. Qd2 Nd7 18. Ne3 Ne5 19. O-O Qg6 20. f4 Qxe4 21. fxe5 Qxe5 22. Nc4 Qxe2 23. Rae1 Qxc4 24. Rxe8+ Kg7 25. Qf2 f5 26. Qe1 Qxd5 27. Qe7+ Kg6 28. Rd8 Qc6 29. Rxd6+ 1-0


[Site "https://www.chess.com"]

[Event "Titled Tuesday Blitz June 13 Late 2023"]
[White "Adewumi, Tanitoluwa"]
[Black "Martinez Alcantara, Jose Eduardo"]
[WhiteFideId "30966396"]
[BlackFideId "3805662"]
[WhiteElo "2628"]
[BlackElo "2711"]
[Result "0-1"]
[Round "2"]
[TimeControl "180+2"]
[Date "2023.06.13"]
[WhiteClock "0:00:00"]
[BlackClock "0:00:10"]
[Board "10"]

1. e4 c5 2. Nf3 d6 3. Bb5+ Bd7 4. Bxd7+ Nxd7 5. O-O Ngf6 6. Qe2 e6 7. c3 Be7 8. d4 O-O 9. e5 Ne8 10. exd6 Nxd6 11. dxc5 Nxc5 12. Rd1 Qc8 13. Bf4 Rd8 14. Na3 a6 15. Bxd6 Bxd6 16. Nc4 Bc7 17. Qe3 Nd7 18. Nd6 Bxd6 19. Rxd6 Nf6 20. Rad1 Rxd6 21. Rxd6 h6 22. h3 Qc4 23. b3 Qe4 24. Qxe4 Nxe4 25. Rd7 b5 26. c4 bxc4 27. bxc4 Rc8 28. Ra7 Rxc4 29. Rxa6 Rc1+ 30. Kh2 Nxf2 31. Ne5 Rh1+ 32. Kg3 Ne4+ 33. Kf3 Nc5 34. Ra8+ Kh7 35. a4 f6 36. Nf7 Rf1+ 37. Ke2 Ra1 38. a5 Kg6 39. Nd6 h5 40. Ke3 h4 41. Ra7 Ra3+ 42. Ke2 Ra2+ 43. Kf3 e5 44. Ne8 Ne6 45. Re7 Ng5+ 46. Ke3 Rxa5 47. Rxg7+ Kf5 48. Nd6+ Ke6 49. Nc4 Ra4 50. Nd2 Ra3+ 51. Ke2 Ra2 52. Ke3 Ra3+ 53. Ke2 Kf5 54. Kf2 Ra2 55. Ke3 Ra3+ 56. Ke2 e4 57. Nc4 Ra2+ 58. Ke3 Ke6 59. Nd2 Ra3+ 60. Ke2 Rc3 61. Nf1 Rc2+ 62. Nd2 Ke5 63. Re7+ Ne6 64. Ke3 f5 65. Ke2 Kd6 66. Rf7 Nf4+ 67. Ke3 Nd5+ 68. Ke2 Ke6 69. Rf8 e3 70. Re8+ Kf7 71. Rxe3 Nxe3 72. Kxe3 Kf6 73. Nf3 Rxg2 74. Nxh4 Ra2 75. Nf3 Ra3+ 76. Kf4 Ra4+ 77. Kg3 Kg6 78. Nh4+ Kg5 79. Nf3+ Kh5 80. Ne5 f4+ 81. Kf3 Kg5 82. Nd3 Kf5 83. Nf2 Ra3+ 84. Kg2 Rg3+ 85. Kh2 Rg8 86. h4 f3 87. Kh3 Kf4 88. h5 Rg2 89. Nd3+ Ke4 90. Nc5+ Kf5 91. Nd3 Rd2 92. Ne1 f2 93. Ng2 f1=Q 0-1


[Site "https://www.chess.com"]

[Event "Titled Tuesday Blitz June 13 Late 2023"]
[White "Rostomyan, Mikayel"]
[Black "Duda, Jan-Krzysztof"]
[WhiteFideId "13313754"]
[BlackFideId "1170546"]
[WhiteElo "2061"]
[BlackElo "2783"]
[Result "0-1"]
[Round "2"]
[TimeControl "180+2"]
[Date "2023.06.13"]
[WhiteClock "0:00:00"]
[BlackClock "0:00:09"]
[Board "11"]

1. d4 Nf6 2. Nf3 c5 3. d5 b5 4. e4 Nxe4 5. Bd3 Nf6 6. Bxb5 g6 7. O-O Bg7 8. Nc3 O-O 9. Re1 Bb7 10. Bc4 e6 11. Bf4 Qb6 12. Qd2 Na6 13. Na4 Qb4 14. Bxa6 Bxa6 15. Qxb4 cxb4 16. Bd6 Nxd5 17. Bxf8 Kxf8 18. Ne5 Bb5 19. c4 bxc3 20. Nxc3 Nxc3 21. bxc3 d6 22. Rab1 Bxe5 23. Rxb5 Bxc3 24. Rd1 d5 25. Rb7 a5 26. Rd3 Bf6 27. Rf3 Kg7 28. g4 h6 29. h4 Rf8 30. h5 g5 31. Ra3 Ra8 32. Rb5 Bd8 33. Rc3 Ra7 34. Rc8 Bf6 35. Rcc5 Bd8 36. Rc8 Be7 37. Rcb8 Bd6 38. R8b7 Ra8 39. Rd7 Bb4 40. Rbb7 Rf8 41. Kg2 Kf6 42. a4 Bc3 43. Rb6 Ke5 44. Rbb7 f5 45. gxf5 Rxf5 46. Rh7 g4 47. Rxh6 Bd4 48. Kg3 Bxf2+ 49. Kxg4 Rf4+ 50. Kg5 Be3 51. Rb3 Re4+ 52. Kg6 Bxh6 53. Kxh6 Rxa4 54. Kg5 Ra1 55. Re3+ Kd6 56. h6 Rh1 57. Kg6 e5 58. Rg3 d4 59. Ra3 e4 60. Rxa5 d3 61. Rh5 Rxh5 62. Kxh5 d2 0-1


[Site "https://www.chess.com"]

[Event "Titled Tuesday Blitz June 13 Late 2023"]
[White "Deac, Bogdan-Daniel"]
[Black "Bjelobrk, Igor"]
[WhiteFideId "1226380"]
[BlackFideId "4300726"]
[WhiteElo "2644"]
[BlackElo "2319"]
[Result "1/2-1/2"]
[Round "2"]
[TimeControl "180+2"]
[Date "2023.06.13"]
[WhiteClock "0:00:06"]
[BlackClock "0:00:07"]
[Board "12"]

1. b3 d5 2. Bb2 Nf6 3. e3 Bg4 4. Nf3 Nbd7 5. h3 Bh5 6. g4 Bg6 7. Nh4 e5 8. Nxg6 hxg6 9. Bg2 c6 10. d3 Be7 11. Nd2 Qc7 12. Qe2 O-O-O 13. a3 Nf8 14. c4 d4 15. b4 Ne6 16. c5 Nd5 17. Bxd5 Rxd5 18. O-O-O b6 19. cxb6 axb6 20. Kb1 Kb7 21. Rc1 Qd7 22. e4 Rb5 23. Nc4 Nf4 24. Qc2 Ra8 25. Qb3 f6 26. Rc2 c5 27. Bc1 Ne6 28. Rb2 cxb4 29. axb4 Nc5 30. Qc2 Na4 31. Bd2 Nxb2 32. Qxb2 Ra4 33. Kc2 Qc8 34. Rb1 Qa8 35. Qb3 Ra2+ 36. Kd1 Qa4 37. h4 Qxb3+ 38. Rxb3 Ra4 39. Na3 Rbxb4 40. Bxb4 Rxb4 41. Rxb4 Bxb4 42. Nc2 Bc5 43. h5 gxh5 44. gxh5 b5 45. Na1 Kc6 46. Nb3 Bb6 47. Kc2 Kd6 48. Nd2 Kc5 49. Kb3 Ba5 50. Nf3 Kd6 51. Nh4 Ke6 52. Nf5 Kf7 53. Nd6+ Kg8 54. Nxb5 Kh7 55. Nd6 Kh6 56. Nf5+ Kxh5 57. Nxg7+ Kg4 58. Kc4 Kf3 59. Ne8 Bd8 60. Nd6 Kxf2 61. Nf5 Ke2 62. Ng7 Be7 63. Nf5 Bf8 64. Ng3+ Kf3 65. Nh5 Be7 66. Ng7 Kg4 67. Kd5 Kf4 68. Nf5 Bd8 69. Kc4 Kf3 70. Nd6 Ke2 71. Nf7 Be7 72. Nh6 Kd2 73. Nf5 Bd8 74. Ng3 Kc2 75. Nf5 Kd2 76. Ng7 Kc2 77. Ne6 Be7 78. Ng7 Bd8 79. Nf5 Kd2 1/2-1/2


[Site "https://www.chess.com"]

[Event "Titled Tuesday Blitz June 13 Late 2023"]
[White "Fiorito, Joaquin"]
[Black "Korobov, Anton"]
[WhiteFideId "180173"]
[BlackFideId "14105730"]
[WhiteElo "2199"]
[BlackElo "2638"]
[Result "0-1"]
[Round "2"]
[TimeControl "180+2"]
[Date "2023.06.13"]
[WhiteClock "0:00:00"]
[BlackClock "0:00:17"]
[Board "13"]

1. d4 Nf6 2. c4 g6 3. Nc3 Bg7 4. e4 d6 5. h3 Nbd7 6. Be3 e5 7. d5 Nc5 8. Qc2 a5 9. Nge2 O-O 10. g4 c6 11. Ng3 cxd5 12. cxd5 Bd7 13. Qd2 Rc8 14. f3 Ne8 15. h4 f5 16. gxf5 gxf5 17. exf5 Bxf5 18. Rg1 Qxh4 19. Bg5 Qd4 20. Qxd4 exd4 21. Nxf5 Rxf5 22. Bh3 Re5+ 23. Kd1 dxc3 24. Bxc8 cxb2 25. Rb1 Rxd5+ 26. Kc2 Kf8 27. Be3 b5 28. Rh1 Re5 29. Kd2 Rd5+ 30. Kc2 Nd3 31. a3 Ne5 32. Bb7 Rd3 33. Bh6 Rxa3 34. Bxg7+ Kxg7 35. Rxb2 b4 36. Rbb1 Nf6 37. Rbg1+ Kf7 38. Ba6 Rxf3 39. Ra1 Ne4 40. Rxa5 Nc5 41. Rxh7+ Kf6 42. Rh4 b3+ 43. Kd2 b2 44. Kc2 Rf2+ 45. Kb1 Nf3 46. Rf4+ Ke5 47. Rxf3 Rxf3 48. Kxb2 Kd4 49. Bc8 d5 50. Ra3 Rf2+ 51. Kc1 Ne4 52. Ba6 Nc3 53. Rb3 Ra2 54. Bb5 Ra5 55. Be8 Kc4 56. Rb8 Ra2 57. Bd7 Rh2 58. Bf5 Rf2 59. Bg6 Ne2+ 60. Kd1 Nf4 61. Bh7 d4 62. Rc8+ Kd5 63. Rd8+ Ke5 64. Re8+ Kf6 65. Rd8 Ne6 66. Ra8 Ke5 67. Ra5+ Kd6 68. Bd3 Nf4 69. Bc4 d3 70. Ra3 d2 71. Bd3 Ke5 0-1


[Site "https://www.chess.com"]

[Event "Titled Tuesday Blitz June 13 Late 2023"]
[White "Makarian, Rudik"]
[Black "Chernobay, Artem"]
[WhiteFideId "44105681"]
[BlackFideId "4167406"]
[WhiteElo "2451"]
[BlackElo "2474"]
[Result "1-0"]
[Round "2"]
[TimeControl "180+2"]
[Date "2023.06.13"]
[WhiteClock "0:00:55"]
[BlackClock "0:00:00"]
[Board "14"]

1. d4 Nf6 2. c4 g6 3. Nc3 Bg7 4. e4 d6 5. Be2 O-O 6. Be3 Na6 7. Nf3 e5 8. O-O exd4 9. Nxd4 Re8 10. f3 c6 11. Qd2 d5 12. cxd5 cxd5 13. Bxa6 bxa6 14. e5 Nd7 15. f4 Nb6 16. b3 f6 17. exf6 Qxf6 18. Bf2 Bb7 19. Rae1 Nd7 20. Nde2 Qf7 21. Bd4 Nf6 22. Ng3 Ne4 23. Ncxe4 dxe4 24. Bxg7 Qxg7 25. f5 Rad8 26. Qe3 Qd4 27. fxg6 hxg6 28. h4 Qb6 29. Qxb6 axb6 30. Rf6 e3 31. Rxb6 Re7 32. Rxg6+ Kh7 33. Rg5 Rd2 34. Nf5 Red7 35. Rxe3 Rxa2 36. Re6 1-0


[Site "https://www.chess.com"]

[Event "Titled Tuesday Blitz June 13 Late 2023"]
[White "Silva, Caio Henrique Angelico"]
[Black "Sviridov, Valery"]
[WhiteFideId "22777210"]
[BlackFideId "4120680"]
[WhiteElo "2096"]
[BlackElo "2457"]
[Result "0-1"]
[Round "2"]
[TimeControl "180+2"]
[Date "2023.06.13"]
[WhiteClock "0:00:00"]
[BlackClock "0:01:20"]
[Board "15"]

1. d4 g6 2. Nf3 Bg7 3. g3 d6 4. Bg2 Nf6 5. O-O O-O 6. c4 Nbd7 7. Nc3 e5 8. e4 exd4 9. Nxd4 Re8 10. Re1 Nc5 11. h3 c6 12. Bf4 Nh5 13. Be3 a5 14. Qd2 a4 15. Rad1 Qa5 16. Rb1 Qb4 17. a3 Qa5 18. Rbd1 Qa6 19. Qc2 Nf6 20. Bf1 Nfd7 21. f4 Qa5 22. Bf2 Nf6 23. Bg2 Qa6 24. Qe2 Ne6 25. Nc2 Bf8 26. c5 Qxe2 27. Rxe2 Nxc5 28. Bxc5 dxc5 29. e5 Nd7 30. Red2 Nb6 31. Ne3 f5 32. Bf1 Be6 33. g4 c4 34. gxf5 gxf5 35. Kf2 Bc5 36. Be2 Kh8 37. h4 Rg8 38. h5 h6 39. Bf3 Kg7 40. Ke2 Kf7 41. Rc2 Ke7 42. Rcc1 Rad8 43. Rg1 Rd3 44. Rxg8 Rxe3+ 45. Kd2 Bxg8 46. Be2 Rh3 47. Rf1 Be6 48. Ne4 fxe4 49. f5 Nd5 50. fxe6 Be3+ 51. Kd1 Bf4 52. Bg4 Ne3+ 0-1


[Site "https://www.chess.com"]

[Event "Titled Tuesday Blitz June 13 Late 2023"]
[White "Van Foreest, Jorden"]
[Black "Seemann, Jakub"]
[WhiteFideId "1039784"]
[BlackFideId "21874697"]
[WhiteElo "2633"]
[BlackElo "2364"]
[Result "1-0"]
[Round "2"]
[TimeControl "180+2"]
[Date "2023.06.13"]
[WhiteClock "0:02:02"]
[BlackClock "0:01:11"]
[Board "16"]

1. d4 Nf6 2. c4 e6 3. Nf3 d5 4. g3 dxc4 5. Bg2 c6 6. O-O b5 7. b3 cxb3 8. Qxb3 Bb7 9. Bb2 Be7 10. a4 a6 11. Ne5 O-O 12. Nd2 Nd5 13. Rfc1 f6 14. Nd3 Nd7 15. Ne4 Qb6 16. Nec5 Nxc5 17. Nxc5 Bxc5 18. Rxc5 bxa4 19. Qa2 Qb3 20. Qb1 a5 21. Ra3 Qb4 22. Qa1 Nb6 23. Bc3 1-0


[Site "https://www.chess.com"]

[Event "Titled Tuesday Blitz June 13 Late 2023"]
[White "Fiorito, Francisco"]
[Black "Eljanov, Pavel"]
[WhiteFideId "180165"]
[BlackFideId "14102951"]
[WhiteElo "2319"]
[BlackElo "2598"]
[Result "0-1"]
[Round "2"]
[TimeControl "180+2"]
[Date "2023.06.13"]
[WhiteClock "0:00:02"]
[BlackClock "0:00:28"]
[Board "17"]

1. d4 d5 2. Nc3 Nf6 3. Bf4 e6 4. Nb5 Na6 5. e3 Be7 6. Nf3 O-O 7. Be2 Nh5 8. Be5 f6 9. Bg3 Bd7 10. a3 c5 11. c3 g6 12. a4 Nxg3 13. hxg3 Nc7 14. Qc2 a6 15. Nxc7 Qxc7 16. Rd1 b5 17. axb5 axb5 18. e4 b4 19. exd5 exd5 20. dxc5 Bxc5 21. Rxd5 Ra1+ 22. Rd1 Rxd1+ 23. Qxd1 Be6 24. Nd4 Bf7 25. O-O Rd8 26. Qd2 Bxd4 27. cxd4 Qd6 28. Rd1 Bb3 29. Rc1 Qxd4 30. Qh6 Qd2 31. Qxd2 Rxd2 32. Rc8+ Kg7 33. Rc7+ Kh6 34. Bc4 Rc2 35. Bxb3 Rxc7 36. f4 Rc1+ 37. Kh2 Rb1 38. g4 Rxb2 0-1


[Site "https://www.chess.com"]

[Event "Titled Tuesday Blitz June 13 Late 2023"]
[White "Anton Guijarro, David"]
[Black "Kavutskiy, Konstantin"]
[WhiteFideId "2285525"]
[BlackFideId "2026384"]
[WhiteElo "2618"]
[BlackElo "2323"]
[Result "1/2-1/2"]
[Round "2"]
[TimeControl "180+2"]
[Date "2023.06.13"]
[WhiteClock "0:00:09"]
[BlackClock "0:00:04"]
[Board "18"]

1. Nf3 Nf6 2. b3 g6 3. Bb2 Bg7 4. g3 O-O 5. Bg2 d6 6. d4 a5 7. a4 Na6 8. O-O c6 9. Re1 Qc7 10. e4 Re8 11. e5 dxe5 12. dxe5 Nd5 13. Na3 h6 14. Nc4 Nab4 15. Nd4 h5 16. Qe2 Bg4 17. f3 Bd7 18. f4 Bg4 19. Qf2 h4 20. f5 Rad8 21. gxh4 Nb6 22. e6 f6 23. Ne3 Bh5 24. fxg6 Bxg6 25. Ndf5 N6d5 26. Nxd5 Rxd5 27. Bxd5 Nxd5 28. h5 Nf4 29. Nxe7+ Rxe7 30. Re3 Bxh5 31. Rf1 Bh6 32. Qh4 Rg7+ 33. Kh1 Bg5 34. Qf2 Qe7 35. Rg3 c5 36. Re1 b6 37. h3 Kh7 38. Reg1 Rg8 39. Kh2 Rd8 40. Bc1 Qd6 41. Rxg5 fxg5 42. Qg3 Nxe6 43. Qxd6 Rxd6 44. Bxg5 Nxg5 45. Rxg5 Kh6 46. Re5 Rd2+ 47. Kg3 Rxc2 48. Re6+ Bg6 49. Rxb6 Rc3+ 50. Kf4 Rxh3 51. Ke5 Rc3 52. Kd6 Kg5 53. Rb5 Bc2 54. Rxc5+ Rxc5 55. Kxc5 Bxb3 56. Kb5 Bxa4+ 57. Kxa5 1/2-1/2


[Site "https://www.chess.com"]

[Event "Titled Tuesday Blitz June 13 Late 2023"]
[White "Budisavljevic, Luka"]
[Black "Ibarra Jerez, Jose Carlos"]
[WhiteFideId "960047"]
[BlackFideId "2226332"]
[WhiteElo "2419"]
[BlackElo "2631"]
[Result "1/2-1/2"]
[Round "2"]
[TimeControl "180+2"]
[Date "2023.06.13"]
[WhiteClock "0:00:09"]
[BlackClock "0:00:07"]
[Board "19"]

1. d4 d6 2. Nf3 Nf6 3. c4 g6 4. Nc3 Bf5 5. h3 Ne4 6. Nxe4 Bxe4 7. Qb3 b6 8. Ng5 Bb7 9. e4 Bg7 10. d5 O-O 11. Be2 Nd7 12. O-O Nc5 13. Qc2 e5 14. b4 Nd7 15. g4 a5 16. bxa5 Rxa5 17. Bd2 Ra3 18. Qb2 Qa8 19. Bb4 Ra4 20. Kg2 Nc5 21. h4 h6 22. Bxc5 bxc5 23. Nf3 Bc8 24. Nd2 Bd7 25. Rfb1 Rb4 26. Qc3 Rfb8 27. Rxb4 cxb4 28. Qe3 c6 29. Bf3 Kh7 30. h5 g5 31. c5 dxc5 32. Qxc5 Bf8 33. Qc4 c5 34. Nb3 Bb5 35. Qc2 c4 36. Nd2 Rc8 37. Be2 Qa6 38. Nf1 Bc5 39. Ng3 Bd4 40. Rb1 b3 41. axb3 cxb3 42. Qxb3 Bxe2 43. Qb7 Qxb7 44. Rxb7 Bxg4 45. Rxf7+ Kg8 46. Rf6 Rc2 47. Nh1 Rd2 48. Rxh6 Bc5 49. Rg6+ Kf7 50. Rxg5 Be2 51. Ng3 Bd3 52. Rf5+ Kg7 53. Rg5+ Kh6 54. Rf5 Kg7 55. Nf1 Rd1 56. Ng3 Rd2 1/2-1/2


[Site "https://www.chess.com"]

[Event "Titled Tuesday Blitz June 13 Late 2023"]
[White "Bortnyk, Mykola"]
[Black "Hajiyev, Kanan"]
[WhiteFideId "14120836"]
[BlackFideId "13404148"]
[WhiteElo "2592"]
[BlackElo "2115"]
[Result "1/2-1/2"]
[Round "2"]
[TimeControl "180+2"]
[Date "2023.06.13"]
[WhiteClock "0:00:03"]
[BlackClock "0:00:03"]
[Board "20"]

1. e4 c6 2. Nc3 d5 3. Qe2 a6 4. f4 dxe4 5. Nxe4 Bf5 6. d3 e6 7. Ng3 Nf6 8. Bd2 Bg4 9. Nf3 Bc5 10. h3 Bxf3 11. Qxf3 Qd5 12. Ne4 Nbd7 13. c4 Qh5 14. Qxh5 Nxh5 15. Nxc5 Nxc5 16. Be3 Ng3 17. Bxc5 Nxh1 18. g4 Ng3 19. Bg2 h5 20. Kf2 h4 21. Bb6 f5 22. Re1 Kf7 23. Bf3 a5 24. b3 a4 25. b4 a3 26. b5 cxb5 27. cxb5 Rac8 28. Ke3 Rc2 29. Ra1 Rhc8 30. g5 g6 31. Bd4 b6 32. Bc6 R2xc6 33. bxc6 Rxc6 34. Rb1 Ke7 35. Rxb6 Rc2 36. Ra6 Rxa2 37. Kf3 Rh2 38. Rxa3 Rxh3 39. Ra7+ Kd6 40. Be5+ Kd5 41. Rd7+ Kc5 42. d4+ Kc4 43. Kg2 Rh1 44. Rd6 Rd1 45. Rxe6 Ne4 46. Ra6 Rd2+ 47. Kh3 Nf2+ 48. Kxh4 Rd3 49. Rc6+ Kb5 50. Rc5+ Kb6 51. Bc7+ Kb7 52. Rb5+ Kxc7 53. Rc5+ Kd6 54. Rd5+ Kxd5 1/2-1/2


[Site "https://www.chess.com"]

[Event "Titled Tuesday Blitz June 13 Late 2023"]
[White "Bartel, Michal"]
[Black "Vazquez, Guillermo"]
[WhiteFideId "1119257"]
[BlackFideId "3702308"]
[WhiteElo "2282"]
[BlackElo "2543"]
[Result "0-1"]
[Round "2"]
[TimeControl "180+2"]
[Date "2023.06.13"]
[WhiteClock "0:01:19"]
[BlackClock "0:00:36"]
[Board "21"]

1. e4 c6 2. Nc3 d5 3. Nf3 Bg4 4. h3 Bxf3 5. Qxf3 e6 6. g4 h5 7. Bg2 hxg4 8. hxg4 Rxh1+ 9. Bxh1 Qh4 10. d3 Nf6 11. g5 Ng4 12. Bg2 Bc5 13. Nd1 Nd7 14. Ne3 Nde5 15. Qf4 Bd6 16. Ke2 dxe4 17. Nxg4 Nxg4 18. Qxd6 Qxf2+ 19. Kd1 Qxg2 20. g6 Qf3+ 21. Ke1 e3 22. gxf7+ Kxf7 23. Qf4+ Qxf4 0-1


[Site "https://www.chess.com"]

[Event "Titled Tuesday Blitz June 13 Late 2023"]
[White "Bortnyk, Olexandr"]
[Black "Moral Garcia, Serafin"]
[WhiteFideId "14120828"]
[BlackFideId "2201925"]
[WhiteElo "2733"]
[BlackElo "2274"]
[Result "1-0"]
[Round "2"]
[TimeControl "180+2"]
[Date "2023.06.13"]
[WhiteClock "0:01:10"]
[BlackClock "0:00:28"]
[Board "22"]

1. e4 e5 2. Nf3 Nf6 3. Nxe5 d6 4. Nf3 Nxe4 5. Bd3 Nc5 6. Be2 Be7 7. d4 Ne4 8. O-O O-O 9. c4 Nc6 10. Qc2 Nf6 11. Nc3 d5 12. cxd5 Nxd5 13. a3 Bg4 14. Rd1 Qd7 15. h3 Bf5 16. Qb3 Nxc3 17. bxc3 b6 18. c4 Na5 19. Qe3 Bf6 20. Bb2 Rfe8 21. Ne5 Qa4 22. Rac1 Rad8 23. g4 Bg6 24. f4 Bxe5 25. dxe5 Bc2 26. Rxd8 Rxd8 27. e6 f6 28. e7 Re8 29. Qe6+ Kh8 30. Qf7 Bg6 31. Qf8+ 1-0


[Site "https://www.chess.com"]

[Event "Titled Tuesday Blitz June 13 Late 2023"]
[White "Dobrowolski, Piotr"]
[Black "Swiercz, Dariusz"]
[WhiteFideId "1106236"]
[BlackFideId "1126881"]
[WhiteElo "2305"]
[BlackElo "2620"]
[Result "0-1"]
[Round "2"]
[TimeControl "180+2"]
[Date "2023.06.13"]
[WhiteClock "0:00:00"]
[BlackClock "0:00:03"]
[Board "23"]

1. e4 c6 2. d4 d5 3. Nc3 dxe4 4. Nxe4 Nf6 5. Nxf6+ exf6 6. c3 Bd6 7. Bd3 O-O 8. Qc2 Re8+ 9. Ne2 h5 10. O-O Nd7 11. Bd2 Nf8 12. Rae1 h4 13. h3 g6 14. f4 f5 15. c4 Bc7 16. Bc3 Be6 17. Rd1 Nh7 18. d5 cxd5 19. c5 Bd7 20. Nd4 Nf6 21. b4 a6 22. Bb2 Ne4 23. Bxe4 Rxe4 24. Nf3 Rc4 25. Qb3 Be6 26. Rd4 Bxf4 27. Re1 Bh6 28. Rxc4 dxc4 29. Qc3 Kh7 30. Nd4 Bd5 31. Re5 Qd7 32. Qe1 Be4 33. Qxh4 Re8 34. Nf3 Rxe5 0-1


[Site "https://www.chess.com"]